 Dungeon Crawl Stone Soup version 0.19-a0-1608-g4cf22de (webtiles) character file.

42 4thArraOfDagon the Skirmisher (level 3, 2/40 HPs)
             Began as a High Elf Wanderer on Sept 17, 2016.
             Quit the game on level 4 of the Dungeon.
             The game lasted 00:02:52 (717 turns).

4thArraOfDagon the Skirmisher (High Elf Wanderer)    Turns: 717, Time: 00:02:53

Health: 2/40       AC:  8    Str: 16    XL:     3   Next: 33%
Magic:  4/4        EV:  9    Int: 16    God:
Gold:   79         SH:  0    Dex: 15    Spells: 0 memorised, 2 levels left

rFire  . . .     SeeInvis .     h - +0 short sword
rCold  . . .     Gourm    .     a - +2 scale mail
rNeg   . . .     Faith    .     (no shield)
rPois  .         Spirit   .     (no helmet)
rElec  .         Dismiss  .     (no cloak)
rCorr  .         Reflect  .     (no gloves)
MR     .....     Harm     .     (no boots)
Stlth  ..........               (no amulet)
                                (no ring)
                                (no ring)

@: berserking, lethally poisoned (2 -> -8), very quick
A: no striking features
a: no special abilities


You were on level 4 of the Dungeon.
You were not hungry.

You visited 1 branch of the dungeon, and saw 4 of its levels.

You collected 79 gold pieces.

Inventory:

Hand Weapons
 b - a +1 shortbow
 e - a +0 dagger
 h - a +0 short sword (weapon)
Missiles
 c - 40 arrows
Armour
 a - a +2 scale mail (worn)
 d - a +0 shield
Scrolls
 g - a scroll of fog {unknown}
 i - 2 scrolls of identify {unknown}
Books
 l - a book of Burglary

   Spells                             Type                      Level
   a - Swiftness                      Charms/Air                   2
   b - Passwall                       Transmutation/Earth          2
   c - Passage of Golubria            Translocation                4
   d - Lee's Rapid Deconstruction     Earth                        5
   e - Darkness                       Hexes                        6
   f - Invisibility                   Hexes                        6
Comestibles
 f - 2 bread rations
 j - a slice of pizza
 k - a royal jelly


   Skills:
 + Level 3.8 Fighting
   Level 1.0 Staves
 - Level 2.6 Bows
 - Level 1.0 Throwing
 - Level 1.0 Armour
 - Level 2.1 Stealth
 - Level 1.0 Shields


You had 2 spell levels left.
You didn't know any spells.

Dungeon Overview and Level Annotations

Branches:
Dungeon (4/15)
 Temple: D:4-7

Altars:
Ashenzari
Hepliaklqana

Annotations:
D:4 Dowan, Duvessa, Edmund


Message History

A hound comes into view.
Unknown command.
The hound barks!
You hit the orc priest.
You kill the orc priest!
Your life force feels restored.
Your Fighting skill increases to level 3!
You have reached level 3!
Your experience leads to an increase in your attributes!
Your base attributes are Str 11, Int 15, Dex 14.
Increase (S)trength, (I)ntelligence, or (D)exterity?
You feel agile.
You feel clever.
* * * LOW HITPOINT WARNING * * *
You feel sick. The adder bites you.
* * * LOW HITPOINT WARNING * * *
You are more poisoned.
The adder poisons you! The iguana closely misses you.
The orc barely misses you.
Unknown command.
Are you sure you want to abandon this character and quit the game? (Confirm with "yes".)

.....(........#
...
#..####.......##e#
..............#..#
###.####......Oe##
#....@.#..####
#..#####.....#
#.####e@.###.#
...##leO### #
#....#@o###
.....oS)##
.........#
...#####.# ... #..


'h. #.! #... You could see Edmund, Duvessa, an ogre, Dowan, an iguana, a hound,
an adder and 2 orcs.

Vanquished Creatures
  An orc priest (D:4)
  A ball python (D:3)
  2 bats
  A giant cockroach (D:2)
  2 goblins
  A hobgoblin (D:2)
  A kobold (D:2)
  2 rats (D:2)
11 creatures vanquished.

Notes
Turn   | Place    | Note
-------+----------+-------------------------------------------
     0 | D:1      | 4thArraOfDagon the High Elf Wanderer began the quest for the Orb.
     0 | D:1      | 4thArraOfDagon set off with: a +2 scale mail, a +0 shortbow, 24 arrows, a +0 shield, a +0 dagger, a bread ration
     0 | D:1      | Reached XP level 1. HP: 14/14 MP: 2/2
   230 | D:2      | Found a shattered altar of Ashenzari.
   495 | D:2      | Reached XP level 2. HP: 20/20 MP: 3/3
   503 | D:2      | 4thArraOfDagon: hel look
   605 | D:3      | Found a hazy altar of Hepliaklqana.
   688 | D:4      | Noticed Edmund
   689 | D:4      | Noticed Dowan
   697 | D:4      | Noticed an ogre
   703 | D:4      | Noticed Duvessa
   716 | D:4      | Reached skill level 3 in Fighting
   716 | D:4      | Reached XP level 3. HP: 4/27 MP: 4/4
   716 | D:4      | HP: 2/40 [adder (1)]
   717 | D:4      | Quit the game

Vault maps used:
D:1:      saegor_arrival_simple_c, nrook_uturn
D:2:      nicolae_ashenzari_panopticon
D:3:      grunt_temple_overflow_open, lemuel_round_altar, first_bread,
          minmay_misc_feat_more_columns, columned_hall_lemuel, uniq_purgy
D:4:      enter_ossuary_2, uniq_edmund, uniq_duvessa

Skill      XL: |  1  2 |
---------------+-------+-----
Fighting       | 3 |  3.8
Staves         | |  1.0
Bows           | |  2.6
Throwing       | |  1.0
Armour         | |  1.0
Stealth        | |  2.1
Shields        | |  1.0

Action                   || total
-------------------------++-------
Melee: Short sword       ||    33
 Fire: Shortbow          ||    18
  Use: Scroll            ||     3
       Potion            ||     3
Armor: Scale mail        ||    44
Dodge: Dodged            ||    34
